 Dungeon Crawl Stone Soup version 0.28.0 (webtiles) character file.

Game seed: 7526612171807425852

3231 croobank the Sneak (level 9, -2/67 HPs)
             Began as a Yellow Draconian Brigand on Feb 11, 2022.
             Was a Believer of Hepliaklqana.
             Shot with an arrow by a centaur (7 damage)
             ... on level 8 of the Dungeon.
             The game lasted 00:26:31 (7304 turns).

croobank the Sneak (Yellow Draconian Brigand)       Turns: 7304, Time: 00:26:32

Health: -2/67      AC: 11    Str: 22    XL:     9   Next: 66%
Magic:  14/14      EV: 13    Int: 13    God:    Hepliaklqana [**....]
Gold:   291        SH:  0    Dex: 13    Spells: 14/14 levels left

rFire   . . .      SeeInvis .   h - +4 quarterstaff (chaos)
rCold   . . .      Faith    .   (shield currently unavailable)
rNeg    . . .      Spirit   .   (armour unavailable)
rPois   .          Reflect  .   (helmet restricted)
rElec   .          Harm     .   i - +2 cloak
rCorr   +          Rampage  .   u - +0 pair of gloves
Will    .....                   (no boots)
Stlth   +++.......              (no amulet)
HPRegen 0.21/turn               k - +6 ring of strength
MPRegen 0.14/turn               s - ring of flight

@: flying, hasted, very quick
A: reduced essence, spit acid, AC +7, unfitting armour, cold-blooded, acid
resistance
a: Breathe Acid, Renounce Religion, Recall Ancestor, Ancestor Identity


You were on level 8 of the Dungeon.
You worshipped Hepliaklqana.
Hepliaklqana was pleased with you.
You visited 2 branches of the dungeon, and saw 9 of its levels.

You collected 291 gold pieces.

Inventory:

Hand Weapons
 a - a +2 dagger
 h - a +4 quarterstaff of chaos (weapon)
 t - a +2 short sword of venom
 z - a +2 dagger of speed
 F - a +0 dire flail
 G - a +4 spear of flaming
 J - a +3 hand axe
Missiles
 c - 15 poisoned darts (quivered)
 f - 196 stones
 l - a curare-tipped dart
 n - 66 arrows
 o - 62 bolts
 v - 3 atropa-tipped darts
 x - 24 sling bullets
Armour
 i - a +2 cloak (worn)
 u - a +0 pair of gloves (worn)
Magical Staves
 j - a staff of cold
Jewellery
 k - a +6 ring of strength (left hand)
 r - an amulet of guardian spirit
 s - a ring of flight (right hand)
 H - an amulet of reflection
Wands
 A - a wand of iceblast (13)
 B - a wand of mindburst (16)
 E - a wand of polymorph (14)
Scrolls
 b - 2 scrolls of fog
 d - 2 scrolls of magic mapping
 g - 3 scrolls of immolation
 p - a scroll of holy word {unknown}
 y - a scroll of enchant weapon {unknown}
Potions
 e - 5 potions of curing
 m - 2 potions of resistance
 q - 2 potions of flight
 w - a potion of might {unknown}
 K - a potion of heal wounds


   Skills:
 - Level 6.0 Fighting
 - Level 5.4 Short Blades
 + Level 5.8 Staves
 - Level 5.0 Throwing
 - Level 4.6 Dodging
 - Level 6.3 Stealth
 - Level 3.4 Spellcasting


You had 14 spell levels left.
You didn't know any spells.
Your spell library contained the following spells:

 Spells                   Type           Power      Damage    Failure   Level
 Static Discharge         Conj/Air       2%         N/A       32%         2
 Call Canine Familiar     Summ           2%         N/A       54%         3
 Portal Projectile        Hex/Tloc       4%         N/A       54%         3
 Summon Guardian Golem    Hex/Summ       2%         N/A       54%         3
 Tukima's Dance           Hex            2%         N/A       54%         3
 Dispel Undead            Necr           2%         3d7       91%         4
 Leda's Liquefaction      Hex/Erth       1%         N/A       91%         4
 Passage of Golubria      Tloc           2%         N/A       91%         4
 Sticky Flame             Conj/Fire      2%         2d3       91%         4
 Summon Lightning Spire   Summ/Air       2%         N/A       91%         4
 Yara's Violent Unravell  Hex/Tmut       1%         3d3       99%         5
 Orb of Destruction       Conj           1%         9d5       100%        7
 Spellforged Servitor     Conj/Summ      1%         N/A       100%        7
 Storm Form               Tmut/Air       1%         N/A       100%        7
 Borgnjor's Revivificati  Necr           1%         N/A       100%        8
 Maxwell's Capacitive Co  Air            1%         ∞         100%        8
 Necromutation            Tmut/Necr      1%         N/A       100%        8
 Death's Door             Necr           1%         N/A       100%        9


Dungeon Overview and Level Annotations

Branches:
Dungeon (8/15)             Temple (1/1) D:4
   Lair: D:8-11

Altars:
Ashenzari
Hepliaklqana
Qazlal
Ru
Wu Jian

Annotations:
D:8 Maurice


Innate Abilities, Weirdness & Mutations

Your life essence is reduced to manifest your ancestor. (-10% HP)
You can spit globs of acid.
Your golden yellow scales are hard. (AC +7)
You cannot fit into any form of body armour.
You are cold-blooded and may be slowed by cold attacks.
You are resistant to acid. (rCorr)


Message History

The puff of frost hits the howler monkey.
The two-headed ogre hits you with a +0 giant spiked club!!
The two-headed ogre hits you with a +0 giant club.
* * * LOW HITPOINT WARNING * * *
The howler monkey hoots and howls with incredible vigour!
You hear an angry growl.
You hear an angry buzzing noise.
You hear a shout!
You completely miss the two-headed ogre.
Your tail-slap misses the two-headed ogre.
The two-headed ogre is severely wounded.
Kammani misses the howler monkey.
The howler monkey closely misses Kammani.
Kammani hits the howler monkey with a +0 quarterstaff!!
The howler monkey dies!
The two-headed ogre barely misses you.
The two-headed ogre hits you with a +0 giant club.
* * * LOW HITPOINT WARNING * * *
Your Staves skill increases to level 3!
You don't know any spells.
You feel yourself speed up.
The howler monkey hits Kammani.
Kammani gestures at the howler monkey while chanting.
The stone arrow hits the howler monkey!
The howler monkey hoots and howls with incredible vigour!
You hear a shout! x3; You hear an angry buzzing noise.
Kammani hits the howler monkey with a +0 quarterstaff.
The howler monkey dies!
A centaur comes into view.
The centaur wields a +0 shortbow.
The centaur shoots an arrow.
The arrow hits you!
* * * LOW HITPOINT WARNING * * *
The centaur shoots an arrow.
The arrow barely misses you.
Kammani hits the two-headed ogre with a +0 quarterstaff!!
The centaur shoots an arrow.
The arrow hits you but does no damage.
The two-headed ogre closely misses Kammani.
The two-headed ogre barely misses Kammani.
Kammani hits the two-headed ogre with a +0 quarterstaff!!
The two-headed ogre dies!
Your Staves skill gained 2 levels and is now at level 5!
A centaur comes into view.
The centaur shoots an arrow.
The arrow hits you!
You die...

##.......#
##......###..
#........##..
##..........
#....#....# ####
##...#..###
#.#.###...#....##.
.##....#............
............@.......
. .#.......###.......
..###.......##.......
.............#...###.
.........).....c..#
.........R.#...c..#
...#......##..>...
..##.####..#...##.#
..... #.# .##


You could see 2 centaurs.

Vanquished Creatures
  A wyvern (D:8)
  2 sky beasts (D:6)
  An orc warrior (D:5)
  3 ice beasts
  2 ogres
  A necrophage (D:6)
  2 centaurs
  A phantom (D:5)
  A gnoll sergeant (D:6)
  A water moccasin skeleton (D:5)
  A wyvern skeleton (D:7)
  3 wights (D:7)
  An electric eel (D:7)
  A jelly (D:5)
  2 centaur skeletons
  7 hounds
  2 orc priests
  Crazy Yiuf (D:3)
  3 orc wizards
  4 adders
  7 gnolls
  A white imp (D:7)
  An adder zombie (D:5)
  3 dart slugs
  16 orcs
  4 endoplasms
  A giant cockroach (D:1)
  5 hobgoblins
  2 jackals (D:1)
  6 kobolds
  4 quokkas
  9 ball pythons
  2 bats (D:1)
  4 frilled lizards
  4 goblins
  5 rats
114 creatures vanquished.

Vanquished Creatures (collateral kills)
  A two-headed ogre (D:8)
  A necrophage (D:5)
  A kobold brigand (D:7)
  A bullfrog (D:7)
  2 howler monkeys (D:8)
  2 lava snakes (D:7)
  A centaur skeleton (D:7)
  2 jellies
  An orc wizard (D:7)
  A gnoll (D:6)
  An orc (D:5)
  3 kobolds (D:7)
17 creatures vanquished.

Vanquished Creatures (others)
  A fungus (D:3)
1 creature vanquished.

Grand Total: 132 creatures vanquished

Notes
Turn   | Place    | Note
-------+----------+-------------------------------------------
     0 | D:1      | croobank the Draconian Brigand began the quest for the Orb.
     0 | D:1      | Reached XP level 1. HP: 17/17 MP: 1/1
   101 | D:1      | Reached skill level 1 in Dodging
   160 | D:1      | Reached XP level 2. HP: 20/25 MP: 2/2
  1037 | D:1      | Reached XP level 3. HP: 21/30 MP: 3/3
  2414 | D:3      | Reached XP level 4. HP: 25/37 MP: 4/4
  3143 | D:3      | Found a runed translucent door.
  3144 | D:3      | Noticed Crazy Yiuf
  3155 | D:3      | Killed Crazy Yiuf
  3239 | D:4      | Found a staircase to the Ecumenical Temple.
  3251 | D:4      | Reached XP level 5. HP: 24/45 MP: 5/5
  3279 | D:4      | Noticed an ogre
  3303 | Temple   | Entered the Ecumenical Temple
  3402 | Temple   | Became a worshipper of Hepliaklqana the Forgotten
  3425 | D:4      | Killed an ogre
  3426 | D:4      | Reached XP level 6. HP: 43/52 MP: 6/6
  3848 | D:5      | Entered Level 5 of the Dungeon
  3910 | D:5      | Noticed an ice beast
  3922 | D:5      | Killed an ice beast
  3923 | D:5      | Your scales start taking on a golden yellow colour.
  3923 | D:5      | Reached XP level 7. HP: 51/59 MP: 7/7
  3923 | D:5      | Gained mutation: You are resistant to acid. (rCorr) [Yellow
                  | Draconian growth]
  4042 | D:5      | Reached skill level 5 in Stealth
  4204 | D:5      | Found a stormy altar of Qazlal.
  4277 | D:5      | Reached skill level 1 in Spellcasting
  4292 | D:5      | Reached * piety under Hepliaklqana
  4633 | D:5      | Reached XP level 8. HP: 56/60 MP: 10/10
  5005 | D:5      | Reached skill level 5 in Fighting
  5650 | D:6      | Reached skill level 5 in Short Blades
  5697 | D:6      | Reached ** piety under Hepliaklqana
  5698 | D:6      | Remembered your ancestor Kammani as a battlemage
  6188 | D:7      | Reached XP level 9. HP: 59/67 MP: 13/13
  6665 | D:7      | Reached skill level 5 in Throwing
  6973 | D:7      | Reached skill level 1 in Staves
  7281 | D:8      | Noticed a two-headed ogre
  7282 | D:8      | Noticed Maurice
  7301 | D:8      | Killed a two-headed ogre
  7302 | D:8      | Reached skill level 5 in Staves
  7304 | D:8      | Shot with an arrow by a centaur

Illustrated notes

Levels and vault maps discovered:
D:1:      saegor_arrival_simple_d, layout_basic
D:2:      layout_basic
D:3:      layout_loops_ring, uniq_crazy_yiuf_cottage
D:4:      layout_rooms, minmay_temple_entry_glass
D:5:      layout_loops_corners, mainiacjoe_overflow_24_doors,
          hangedman_decor_growths, minmay_tree_intersection,
          minmay_misc_feat_room
D:6:      layout_cave_pools
D:7:      layout_basic, nicolae_lava_and_water
D:8:      layout_cave_pools, trog_ov_bears_minmay, nrook_uturn,
          minmay_manual_mares, uniq_maurice
Temple:   eino_temple_scatter_basement

Skill      XL: |  1  2  3  4  5  6  7  8  9 |
---------------+----------------------------+-----
Dodging        | 1 2 3 4 |  4.6
Throwing       | 2 3 4 5 |  5.0
Stealth        | 4 5 6 |  6.3
Fighting       | 3 4 5 6 |  6.0
Short Blades   | 3 4 5 |  5.4
Spellcasting   | 1 3 |  3.4
Staves         | 5 |  5.8

Action                   |  1- 3 |  4- 6 |  7- 9 || total
-------------------------+-------+-------+-------++-------
Melee: Dagger            |   112 |    64 |       ||   176
       Tailslap          |    11 |     8 |    17 ||    36
       Quarterstaff      |       |    50 |   131 ||   181
       Punch             |       |     1 |       ||     1
Throw: Dart              |       |     8 |    16 ||    24
Invok: Ancestor Life: Ba |       |       |     1 ||     1
 Abil: Breathe Acid      |       |       |     5 ||     5
  Use: Scroll            |     1 |     6 |    10 ||    17
       Potion            |       |     3 |     1 ||     4
 Stab: Sleeping          |    10 |     2 |     8 ||    20
       Invisible         |       |     2 |       ||     2
Armor: Skin              |    21 |    47 |    77 ||   145
Dodge: Dodged            |    69 |    46 |    98 ||   213
